 Dungeon Crawl Stone Soup version 0.16-a0-3641-g71d4c1b (webtiles) character file.

71 tepear the Sneak (level 4, 23/23 HPs)
             Began as a Vine Stalker Assassin on Aug 24, 2015.
             Got out of the dungeon alive.
             The game lasted 00:07:40 (2711 turns).

tepear the Sneak (Vine Stalker Assassin)            Turns: 2711, Time: 00:07:40

Health: 23/23      AC:  3    Str: 15    XL:     4   Next: 24%
Magic:  5/5        EV: 12    Int:  8    God:
Gold:   93         SH:  0    Dex: 15    Spells: 0 memorised, 3 levels left

rFire  . . .     SeeInvis .     a - +2 dagger
rCold  . . .     Clarity  .     c - +0 robe
rNeg   . . .     SustAb   .     (no shield)
rPois  .         Gourm    .     (no helmet)
rElec  .         Spirit   +     d - +0 cloak
rCorr  .         Warding  .     (no gloves)
rMut   .         Rnd*Tele +     (no boots)
MR     .....                    (no amulet)
Stlth  +++.......               h - ring of teleportation (curse)
                                s - -3 ring of intelligence (curse)

@: not resistant to hostile enchantments, fairly stealthy
A: fangs 2, regeneration 1, magic shield, antimagic bite, no device heal 3, rot
immunity
a: Evoke Teleportation


You escaped.
You were very hungry.

You visited 1 branch of the dungeon, and saw 2 of its levels.

You collected 93 gold pieces.

Inventory:

Hand weapons
 a - a +2 dagger (weapon)
 b - a +0 blowgun
 k - a +0 whip
Missiles
 e - 8 poisoned needles
 f - 2 curare-tipped needles
Armour
 c - a +0 robe (worn)
 d - a +0 cloak (worn)
Jewellery
 h - a cursed ring of teleportation (right hand)
 s - a cursed -3 ring of intelligence (left hand)
Magical devices
 i - a wand of polymorph (7)
Scrolls
 g - a scroll of noise
 j - a scroll of teleportation {unknown}
 l - a scroll of fear {unknown}
 m - 2 scrolls of identify {unknown}
 n - a scroll of recharging {unknown}
 o - a scroll of fog {unknown}
 p - 3 scrolls of blinking {unknown}
 r - a scroll of magic mapping {unknown}


   Skills:
 + Level 2.0 Fighting
 + Level 1.8 Short Blades
 + Level 1.9 Throwing
 + Level 1.3 Dodging
 + Level 6.5 Stealth


You had 3 spell levels left.
You didn't know any spells.

Dungeon Overview and Level Annotations

Branches:
Dungeon (2/15)

Altars:


Innate Abilities, Weirdness & Mutations

You have extremely sharp teeth.
Your natural rate of healing is unusually fast.
When hurt, damage is shared between your health and your magic reserves.
Your bite disrupts and absorbs the magic of your enemies.
Potions and wands cannot restore your health.
You are immune to rotting.


Message History

It was a potion of restore abilities.
You feel refreshed.
It was a potion of haste.
You feel yourself speed up.
You are very lightly contaminated with residual magic.
You see here 3 stones.
You see here a stone.
You start waiting.
Your extra speed is starting to run out.
You start waiting.
You feel yourself slow down.
You start waiting.
Your magical contamination has completely faded away.
You start waiting.
You are feeling very hungry.
You start waiting.
Your surroundings suddenly seem different.
You start waiting.
Your surroundings suddenly seem different.
There is a staircase leading out of the dungeon here.
Are you sure you want to leave the Dungeon?
This will make you lose the game!
You have escaped!

#.....................#######
#...#....................#
........###....#########.#
........##...#.###8.8###.#
.#.......'.....##......#.######
......#..#.....##......#......#
...............##......#.######
...............#8......#.#
#.....##..#.####@......'.#
.......##.#.# #8......###
#......##...# ##......#
'......+....# #......# #......#
...# #......# #......# ##8.8###
#...#### ##### #..... #......


There were no monsters in sight!

Vanquished Creatures
  3 adders (D:2)
  A giant mite (D:1)
  5 giant geckos
  A ball python (D:1)
  2 giant cockroaches
  2 goblins
  2 hobgoblins
  4 jackals
  7 bats
  A giant newt (D:1)
  6 kobolds
  3 rats (D:1)
37 creatures vanquished.

Notes
Turn   | Place    | Note
--------------------------------------------------------------
     0 | D:1      | tepear, the Vine Stalker Assassin, began the quest for the Orb.
     0 | D:1      | Reached XP level 1. HP: 11/11 MP: 1/1
   372 | D:1      | You fall through a shaft!
   390 | D:2      | Reached skill level 5 in Stealth
   568 | D:2      | Reached XP level 2. HP: 12/15 MP: 3/3
   672 | D:2      | Reached skill level 1 in Dodging
   991 | D:2      | Reached XP level 3. HP: 4/18 MP: 1/4
   995 | D:2      | Reached skill level 6 in Stealth
  1750 | D:1      | Reached XP level 4. HP: 21/23 MP: 3/5
  2711 | D:$      | Got out of the dungeon alive.

Action                   |  1- 3 |  4- 6 || total
-------------------------+-------+-------++-------
Melee: Dagger            |    89 |    23 ||   112
  Use: Potion            |     1 |     2 ||     3
       Scroll            |       |     1 ||     1
 Stab: Sleeping          |     2 |       ||     2
  Eat: Bread ration      |     1 |       ||     1
